 Dungeon Crawl Stone Soup version 0.22-a0-166-g5351223 (webtiles) character file.

2073 Amnesiac the Geomancer (level 9, -8/39 HPs)
             Began as a Spriggan Earth Elementalist on Feb 13, 2018.
             Was an Initiate of Ashenzari.
             Shot with a sling bullet by Joseph (16 damage)
             ... on level 7 of the Dungeon.
             The game lasted 00:18:36 (7611 turns).

Amnesiac the Geomancer (SpEE)                       Turns: 7611, Time: 00:18:37

Health: -8/39      AC:  0    Str:  4    XL:     9   Next: 6%
Magic:  0/22       EV: 18    Int: 18    God:    Ashenzari [......]
Gold:   379        SH:  0    Dex: 18    Spells: 7/25 levels left

rFire    . . .     SeeInvis +   q - staff of death (curse)
rCold    . . .     Gourm    .   (shield currently unavailable)
rNeg     + . .     Faith    .   c - -2 robe (curse)
rPois    .         Spirit   +   (helmet restricted)
rElec    .         Reflect  .   i - scarf {Spirit} (curse)
rCorr    .         Harm     +   (gloves unavailable)
MR       +....     Rnd*Tele +   (boots unavailable)
Stlth    ++........             n - amulet of harm (curse)
HPRegen  0.13/turn              f - ring of teleportation (curse)
MPRegen  0.18/turn              p - ring of wizardry

@: very quick
A: very small, unfitting armour, see invisible, herbivore, speed 3, slow
metabolism 2
a: Curse Item, Renounce Religion


You were on level 7 of the Dungeon.
You worshipped Ashenzari.
Ashenzari was noncommittal.
You were very full.

You visited 2 branches of the dungeon, and saw 8 of its levels.

You collected 379 gold pieces.

Inventory:

Hand Weapons
 h - a +0 dagger
 m - a +0 trident
 x - the +2 mace "Jiofel" {crush, *Contam *Drain rF+ rN+++}
   (You found it on level 4 of the Dungeon)

   It inflicts extra damage upon your enemies.
   It protects you from fire.
   It renders you almost immune to negative energy.
   It causes magical contamination when unequipped.
   It causes draining when unequipped.
 M - a +1 morningstar of venom
Missiles
 k - 49 poisoned needles
 D - 18 stones (quivered)
 K - a throwing net
Armour
 c - a cursed -2 robe (worn)
 i - a cursed scarf of spirit shield (worn)
 L - the +3 buckler of Satisfaction {Dex+2}
   (You found it on level 6 of the Dungeon)

   It affects your dexterity (+2).
 O - a +0 robe of resistance
Magical Staves
 q - a cursed staff of death (weapon)
Jewellery
 f - a cursed ring of teleportation (left hand)
 n - a cursed amulet of harm (around neck)
 p - a ring of wizardry (right hand)
 F - an uncursed ring of protection from fire
 P - an uncursed ring of protection from magic
Wands
 j - a wand of paralysis (17)
 u - a wand of iceblast (7)
 A - a wand of flame (19)
Scrolls
 b - a scroll of fear {!r, unknown}
 g - 10 scrolls of identify {!r, unknown}
 o - 2 scrolls of remove curse {!r}
 r - a scroll of enchant weapon {!r, unknown}
 v - a scroll of blinking {!r, unknown}
 w - a scroll of noise {!r, unknown}
 y - a scroll of immolation {!r, unknown}
 z - 2 scrolls of fog {!r, unknown}
 E - a scroll of enchant armour {!r, unknown}
 G - a scroll of random uselessness {!r, unknown}
 H - a scroll of magic mapping {!r, unknown}
 J - a scroll of teleportation {!r, unknown}
Potions
 a - 3 potions of degeneration {!q, unknown}
 l - 3 potions of invisibility {!q, unknown}
 s - 2 potions of flight {!q, unknown}
 t - a potion of might {!q, unknown}
 I - a potion of heal wounds {!q, unknown}
 N - a potion of curing {!q, unknown}
 Q - a potion of lignification {!q, unknown}
 R - a potion of resistance {!q, unknown}
 S - a potion of mutation {!q, unknown}
Books
 e - a book of Geomancy

   Spells                             Type                      Level
   a - Sandblast                      Earth                        1
   b - Passwall                       Transmutation/Earth          2
   c - Stone Arrow                    Conjuration/Earth            3
   d - Petrify                        Transmutation/Earth          4
   e - Lee's Rapid Deconstruction     Earth                        5
 C - a book of Conjurations

   Spells                             Type                      Level
   a - Magic Dart                     Conjuration                  1
   b - Searing Ray                    Conjuration                  2
   c - Dazzling Spray                 Conjuration/Hexes            3
   d - Fulminant Prism                Conjuration/Hexes            4
   e - Force Lance                    Conjuration/Translocation    4
   f - Iskenderun's Mystic Blast      Conjuration                  4
 T - a book of Flames

   Spells                             Type                      Level
   a - Flame Tongue                   Conjuration/Fire             1
   b - Throw Flame                    Conjuration/Fire             2
   c - Conjure Flame                  Conjuration/Fire             3
   d - Inner Flame                    Hexes/Fire                   3
   e - Sticky Flame                   Conjuration/Fire             4
   f - Fireball                       Conjuration/Fire             5
Miscellaneous
 B - a phantom mirror
Comestibles
 d - 6 rations


   Skills:
 - Level 3.0 Dodging
 - Level 3.0 Stealth
 + Level 8.6 Spellcasting
 - Level 1.3 Transmutations
 * Level 9.3 Earth Magic


You had 7 spell levels left.
You knew the following spells:

 Your Spells              Type           Power        Failure   Level  Hunger
a - Sandblast             Erth           #####.       1%          1    None
b - Passwall              Tmut/Erth      ####......   1%          2    None
c - Stone Arrow           Conj/Erth      ###...       1%          3    None
d - Lee's Rapid Deconstr  Erth           #####.....   2%          5    #####..
e - Petrify               Tmut/Erth      ####....     4%          4    ###....
s - Conjure Flame         Conj/Fire      #.......     11%         3    None


Dungeon Overview and Level Annotations

Branches:
Dungeon (7/15)             Temple (1/1) D:7

Altars:
Ashenzari
Cheibriados
Dithmenos
Elyvilon
Fedhas
Gozag
Hepliaklqana
Kikubaaqudgha
Nemelex Xobeh
Okawaru
Ru
Trog
Xom
Yredelemnul
Zin
The Shining One

Annotations:
D:7 Joseph


Innate Abilities, Weirdness & Mutations

You are very small and have problems with some larger weapons.
You are too small for most types of armour.
You have supernaturally acute eyesight. (SInv)
You are a herbivore.
You cover ground extremely quickly.
You need consume almost no food.


Message History

Casting: Sandblast (safe; 1% risk of failure)
Confirm with . or Enter, or press ? or * to list all spells.
Aiming: Sandblast (safe; 1% risk of failure)
Press: ? - help, Shift-Dir - straight line, f/p - Joseph
Aim: Joseph, wielding a quarterstaff of protection and wearing a leather armour (almost dead, petrified)
The blast of sand hits Joseph.
Joseph is almost dead.
D - 19 stones
Casting: Sandblast (safe; 1% risk of failure)
Confirm with . or Enter, or press ? or * to list all spells.
You don't have enough magic to cast that spell.
Casting: Sandblast (safe; 1% risk of failure)
Confirm with . or Enter, or press ? or * to list all spells.
You don't have enough magic to cast that spell.
The helpless Joseph fails to defend himself.
You hit Joseph but do no damage.
Joseph is almost dead.
The helpless Joseph fails to defend himself.
You hit Joseph but do no damage.
Joseph is almost dead.
The helpless Joseph fails to defend himself.
You hit Joseph but do no damage.
Joseph is almost dead.
The helpless Joseph fails to defend himself.
You hit Joseph but do no damage.
Joseph is almost dead.
The helpless Joseph fails to defend himself.
You hit Joseph but do no damage.
Joseph is almost dead.
The helpless Joseph fails to defend himself.
You hit Joseph.
Joseph is almost dead.
Unknown command.
Unknown command.
The helpless Joseph fails to defend himself.
You hit Joseph but do no damage.
Joseph is almost dead.
Unknown command.
The helpless Joseph fails to defend himself.
You hit Joseph but do no damage.
Joseph is almost dead.
Joseph is no longer petrified.
Joseph tries to grin evilly.
Joseph hits you with a quarterstaff of protection!
Casting: Sandblast (safe; 1% risk of failure)
Confirm with . or Enter, or press ? or * to list all spells.
Aiming: Sandblast (safe; 1% risk of failure)
Press: ? - help, Shift-Dir - straight line, f/p - Joseph
Aim: Joseph, wielding a quarterstaff of protection and wearing a leather armour (almost dead)
The blast of sand hits Joseph.
Joseph is almost dead.
D - 18 stones Joseph hits you with a quarterstaff of protection!
* * * LOW HITPOINT WARNING * * *
Unknown command.
Casting: Sandblast (safe; 1% risk of failure)
Confirm with . or Enter, or press ? or * to list all spells.
You don't have enough magic to cast that spell.
Unknown command.
Unknown command.
Joseph unwields an uncursed quarterstaff of protection.
Joseph wields a runed hunting sling.
It is covered in frost.
Joseph shoots a sling bullet.
The sling bullet hits you!
You die...

#...................)#.##.#
#...#######.#[######.#.##.#
## #...# #.#(# #.#.##.# )#
#...# ##)#.# #.#.##.# .#
#...# ##<.(.# #.#.##.# .#
#...# ###(###.######.#.##.#
.# ##...# #...#
#.....(.......# .#
#....###.#.###@.#####.######
.#####.#.......#@..#.# #.#
................###..#####.#
#########.####.##
##.......###### ........<.#
##.###..#####.......
########### ##.#...#
######## ##.#### ###


You could see Joseph.

Vanquished Creatures
  The ghost of vishdafish the Slasher, an amateur DsFi (D:4)
  A hungry ghost (D:7)
  Menkaure (D:5)
  Duvessa (D:5)
  An ice beast (D:6)
  An orc warrior (D:6)
  2 sky beasts
  2 ogres
  A centaur (D:7)
  Dowan (D:5)
  A water moccasin skeleton (D:3)
  2 crimson imps (D:5)
  A quasit (D:7)
  A bullfrog zombie (D:7)
  3 orc wizards
  A bullfrog skeleton (D:6)
  3 orc priests
  A centaur skeleton (D:6)
  3 iguanas
  Terence (D:3)
  2 worker ants
  6 gnolls
  8 adders
  4 shadow imps
  3 oozes
  An adder zombie (D:7)
  2 worms
  4 dart slugs
  4 leopard geckos
  14 orcs
  A ball python (D:3)
  7 giant cockroaches
  9 goblins
  9 hobgoblins
  8 jackals
  5 quokkas
  12 bats
  5 frilled lizards
  11 kobolds
  8 rats
152 creatures vanquished.

Notes
Turn   | Place    | Note
-------+----------+-------------------------------------------
     0 | D:1      | Amnesiac the Spriggan Earth Elementalist began the quest for the Orb.
     0 | D:1      | Reached XP level 1. HP: 9/9 MP: 5/5
   126 | D:1      | Reached skill level 3 in Earth Magic
   431 | D:2      | Reached XP level 2. HP: 10/13 MP: 2/7
   766 | D:3      | Learned a level 2 spell: Passwall
   803 | D:3      | Reached XP level 3. HP: 16/16 MP: 5/8
  1025 | D:3      | Found a sacrificial altar of Ru.
  1092 | D:4      | Noticed an ogre
  1270 | D:4      | Noticed vishdafish's ghost (amateur DsFi)
  1331 | D:4      | Found a transporter.
  1345 | D:4      | Found a transporter.
  1430 | D:4      | You fall through a shaft!
  1430 | D:5      | Entered Level 5 of the Dungeon
  1596 | D:5      | Learned a level 3 spell: Stone Arrow
  1680 | D:5      | Reached skill level 4 in Earth Magic
  1880 | D:4      | Killed an ogre
  1880 | D:4      | Reached XP level 4. HP: 21/21 MP: 6/11
  1880 | D:4      | Reached XP level 5. HP: 24/24 MP: 6/12
  2025 | D:4      | Got a slimy mace
  2152 | D:4      | Killed vishdafish's ghost
  2152 | D:4      | Reached skill level 5 in Spellcasting
  2152 | D:4      | Reached skill level 5 in Earth Magic
  2152 | D:4      | Reached XP level 6. HP: 28/28 MP: 8/14
  2429 | D:4      | Learned a level 5 spell: Lee's Rapid Deconstruction
  2434 | D:4      | Learned a level 4 spell: Petrify
  2494 | D:3      | Reached skill level 6 in Earth Magic
  2495 | D:3      | Found a snail-covered altar of Cheibriados.
  2644 | D:3      | Reached XP level 7. HP: 32/32 MP: 12/16
  2913 | D:2      | Found a sparkling altar of Nemelex Xobeh.
  2940 | D:3      | Noticed Terence
  3010 | D:3      | Killed Terence
  4156 | D:2      | Found a blossoming altar of Fedhas.
  4537 | D:2      | Found a shimmering altar of Xom.
  4838 | D:5      | You fall through a shaft for 2 floors!
  4861 | D:7      | Reached skill level 7 in Earth Magic
  5129 | D:6      | Found a bloodstained altar of Trog.
  5175 | D:6      | Reached XP level 8. HP: 36/36 MP: 8/19
  5250 | D:6      | Got a brightly glowing buckler
  5593 | D:5      | Noticed Duvessa
  5593 | D:5      | Noticed Dowan
  5602 | D:5      | Killed Dowan
  5602 | D:5      | Reached skill level 8 in Earth Magic
  5694 | D:5      | Killed Duvessa
  5736 | D:5      | Noticed Menkaure
  5772 | D:5      | Killed Menkaure
  6601 | D:7      | Reached skill level 9 in Earth Magic
  6760 | D:7      | Noticed Joseph
  6806 | D:7      | Reached XP level 9. HP: 32/39 MP: 0/22
  6995 | D:7      | Found a blossoming altar of Fedhas.
  7027 | D:7      | Found a staircase to the Ecumenical Temple.
  7035 | Temple   | Entered the Ecumenical Temple
  7098 | Temple   | Became a worshipper of Ashenzari the Shackled
  7098 | Temple   | Identified the +2 mace "Jiofel" {crush, *Contam *Drain rF+ rN+++} (You found it on level 4 of the Dungeon)
  7575 | D:7      | Learned a level 3 spell: Conjure Flame
  7611 | D:7      | Shot with a sling bullet by Joseph

Vault maps used:
D:1:      scummos_arrival_gate, st_stairs_7
D:2:      lemuel_doored_altar, nemelex_xobeh_ov_fountains_minmay,
          solitary_fountain, fedhas_altar_2
D:3:      old_standard_altar, marbit_many_paths, first_ration, uniq_terence
D:4:      gammafunk_wand_slinger
D:5:      uniq_duvessa, uniq_menkaure
D:6:      lemuel_round_altar
D:7:      lemuel_crystal_altar, minmay_temple_entry_enclosed_plants, uniq_joseph
Temple:   zaba_magenta_temple

Skill      XL: |  1  2  3  4  5  6  7  8 |
---------------+-------------------------+-----
Earth Magic    | 3 4 5 6 7 9 |  9.3
Spellcasting   | 3 4 5 7 8 |  8.6
Dodging        | |  3.0
Stealth        | |  3.0
Transmutations | |  1.3

Action                   |  1- 3 |  4- 6 |  7- 9 || total
-------------------------+-------+-------+-------++-------
Melee: Unarmed           |     8 |       |       ||     8
       Dagger            |    84 |       |       ||    84
       Trident           |    19 |       |       ||    19
       Staff             |       |     2 |   298 ||   300
 Cast: Sandblast         |    39 |    41 |   109 ||   189
       Passwall          |     4 |       |       ||     4
       Lee's Rapid Decon |       |     1 |    14 ||    15
       Petrify           |       |       |     6 ||     6
Invok: Curse Item        |       |       |     2 ||     2
 Stab: Sleeping          |     4 |       |     8 ||    12
       Petrified         |       |       |     8 ||     8
  Eat: Ration            |       |       |     8 ||     8
Armor: Robe              |    13 |       |    33 ||    46
Dodge: Dodged            |   153 |     9 |   342 ||   504

Table legend:
 A = Spawn XP
 B = Non-spawn XP
 C = Spawn XP percentage of total XP
 D = Spawn monster count
 E = Non-spawn monster count
 F = Spawn count percentage of total count
 G = Total turns spent on level
                    A         B        C        D         E        F      G
               +---------+---------+-------+---------+---------+-------+---------
         Total |       0 |    2962 |   0.0 |       0 |     152 |   0.0 |  7611
               +---------+---------+-------+---------+---------+-------+---------
           D:1 |       0 |      43 |   0.0 |       0 |      24 |   0.0 |  1323
           D:2 |       0 |      98 |   0.0 |       0 |      26 |   0.0 |   904
           D:3 |       0 |     293 |   0.0 |       0 |      40 |   0.0 |  1115
           D:4 |       0 |     542 |   0.0 |       0 |      13 |   0.0 |  1202
           D:5 |       0 |     697 |   0.0 |       0 |      16 |   0.0 |   865
           D:6 |       0 |     612 |   0.0 |       0 |      13 |   0.0 |  1267
           D:7 |       0 |     677 |   0.0 |       0 |      20 |   0.0 |   853
               +---------+---------+-------+---------+---------+-------+---------
